[Event "Vastgota Open 2022"]
[Site "Skara stadshotell, Jarnvagsgatan 5, Skara, Sweden"]
[Date "2022.10.30"]
[Round "8.1"]
[White "Blomqvist, Erik"]
[Black "Eklund, Lars-Goran"]
[Result "1-0"]
[TimeControl "30 minutes + 10 seconds per move from move one."]
[WhiteTitle "GM"]
[BlackTitle "FM"]
[WhiteFideId "1709437"]
[BlackFideId "1701010"]
[WhiteElo "2490"]
[BlackElo "2176"]

1. d4 d5 2. Bf4 e6 3. e3 Nf6 4. Nf3 Be7 5. h3 c5 6. Nbd2 O-O 7. c3 b6 8. h4 Ba6 9. Bxa6 Nxa6 10. h5 b5 11. Ne5 Rc8 12.
a3 Nb8 13. Qf3 Nfd7 14. Qg3 Nxe5 15. Bxe5 f6 16. Bxb8 Rxb8 17. dxc5 Bxc5 18. e4 d4 19. Nb3 Bd6 20. Qh3 dxc3 21.
Qxe6+ Kh8 22. bxc3 Be5 23. O-O Qc8 24. Qe7 Qxc3 25. Rab1 Qc7 26. Qb4 Qd6 27. Rfd1 Qe6 28. Nc5 Qg4 29. Nd7 Rfd8 30. f3 Qh4 31. Nxb8 Rxb8 32. Qxb5 Qh2+ 33. Kf1 Qh1+ 34. Kf2 Qh4+ 35.
Ke2 h6 36. Qd7 Rf8 37. Qg4 1-0

[Event "Vastgota Open 2022"]
[Site "Skara stadshotell, Jarnvagsgatan 5, Skara, Sweden"]
[Date "2022.10.30"]
[Round "8.2"]
[White "Cramling, Pia"]
[Black "Golubka, Petro"]
[Result "1/2-1/2"]
[TimeControl "30 minutes + 10 seconds per move from move one."]
[WhiteTitle "GM"]
[BlackTitle "GM"]
[WhiteFideId "1700030"]
[BlackFideId "14114224"]
[WhiteElo "2421"]
[BlackElo "2335"]

1. d4 d5 2. Nf3 Nf6 3. c4 c6 4. Qb3 dxc4 5. Qxc4 Bg4 6. Nbd2 Nbd7 7. g3 e6 8. Bg2 Be7 9. O-O O-O 10.
Qb3 Qb6 11. Nc4 Qa6 12. Bd2 Nb6 13. Rfc1 Nxc4 14. Qxc4 Qxc4 15. Rxc4 Ne4 16. Bb4 Bxb4 17. Rxb4 Nd6 18. Rc1 Rfd8 19.
e3 Bxf3 20. Bxf3 Kf8 21. h4 Ke7 22. Rc5 f6 23. Kg2 g6 24. Bd1 Rd7 25. Bc2 Nf7 26. Bb3 h6 27. Ra5 g5 28. hxg5 hxg5 29.
Bc2 a6 30. Rb6 Rh8 31. Rb3 Nd6 32. Rc5 g4 33. Bd3 f5 34. Rc1 Kf6 35. Rh1 Rxh1 36. Kxh1 Nf7 37. Bc4 Ng5 38. Kg2 Rh7 39. Be2 Ne4 40. Rd3 Nd6 41.
Rd2 Rh8 42. Rd1 a5 43. Rc1 Ne4 44. Bd3 Nd2 45. Be2 Ne4 46. Bd3 Nd6 47. Rc5 Ra8 48. Kf1 Ke7 49. Kg2 Kd7 50. a3 b6 51. Rc1 Re8 52. Rh1 e5 53.
Rh7+ Ke6 54. dxe5 Kxe5 55. Kf1 a4 56. Ke2 b5 57. f4+ gxf3+ 58. Kxf3 Rg8 59. Re7+ Kd5 60. Rd7 Ke6 61. Rc7 Kd5 62. Rd7 c5 63. Bxb5 Rb8 64. Bxa4 Rxb2 65. Rd8 c4 66. g4 fxg4+ 67. Kxg4 Kc5 68. Rd7 Ra2 69.
Rc7+ Kd5 70. Kf4 Rf2+ 71. Kg4 Ra2 72. Kf4 Rf2+ 73. Kg4 Ra2 1/2-1/2

[Event "Vastgota Open 2022"]
[Site "Skara stadshotell, Jarnvagsgatan 5, Skara, Sweden"]
[Date "2022.10.30"]
[Round "8.3"]
[White "Thyberg, Andre"]
[Black "Madebrink, Lars"]
[Result "1/2-1/2"]
[TimeControl "30 minutes + 10 seconds per move from move one."]
[WhiteFideId "1764764"]
[BlackFideId "1701347"]
[WhiteElo "1632"]
[BlackElo "2094"]

1. e4 c5 2. c3 Nf6 3. e5 Nd5 4. d4 cxd4 5. Nf3 e6 6. Bc4 Nb6 7. Bb3 d6 8. exd6 Bxd6 9. Nxd4 a6 10.
Be3 Nd5 11. Bxd5 exd5 12. Nd2 Nc6 13. N2f3 O-O 14. O-O Bg4 15. Qa4 Qd7 16. Qc2 Rfe8 17. Ng5 g6 18. Qd2 Ne5 19. h3 Nc4 20.
Qc1 Bf5 21. Bf4 Bd3 22. Rd1 Be4 23. Nxe4 Rxe4 24. Bxd6 Qxd6 25. Qg5 Re5 26. Qg3 Nxb2 27. Rdb1 Nc4 28. Rxb7 Rae8 29. Nf3 Re2 30. Qxd6 Nxd6 31. Rb6 Ne4 32.
Rxa6 Nxf2 33. Nd4 Rb2 34. Rf1 Nd3 35. Ra7 f5 36. Rd7 Re5 37. a4 Nc5 38. Rd8+ Kg7 39. a5 Ra2 40. Rb1 Nd3 41. Rf1 Ne1 42. Rf2 Ra1 43. Kh2 Nd3 44. Rd2 Nf4 45. Nf3 Re3 46. Ng5 Rxc3 47.
Rd7+ Kf6 48. Nxh7+ Ke6 49. Nf8+ Kf6 50. Rb2 Rcc1 51. Rb6+ Ke5 52. Nxg6+ Nxg6 53. Rxg6 Rh1+ 54. Kg3 Rxa5 55. Rgd6 Re1 56. Kh4 Re4+ 57. Kg5 1/2-1/2

[Event "Vastgota Open 2022"]
[Site "Skara stadshotell, Jarnvagsgatan 5, Skara, Sweden"]
[Date "2022.10.30"]
[Round "8.4"]
[White "Kleimark, Anders"]
[Black "Aroven, Mikael"]
[Result "0-1"]
[TimeControl "30 minutes + 10 seconds per move from move one."]
[WhiteFideId "1709968"]
[BlackFideId "1709534"]
[WhiteElo "2048"]
[BlackElo "2089"]

1. d4 Nf6 2. c4 e6 3. g3 c5 4. d5 exd5 5. cxd5 d6 6. Nc3 g6 7. Bg2 Bg7 8. Nf3 O-O 9. O-O Re8 10.
Bf4 a6 11. a4 b6 12. Re1 Nh5 13. Bg5 Qc7 14. Rc1 h6 15. Be3 Nd7 16. b4 Qb8 17. bxc5 bxc5 18. Rb1 Qc7 19. Qd2 Kh7 20.
g4 Nhf6 21. g5 hxg5 22. Nxg5+ Kg8 23. Nce4 Ne5 24. Rec1 Nxe4 25. Nxe4 Bf5 26. Rb3 Bxe4 27. Bxe4 Rab8 28. Rxb8 Rxb8 29. Bd3 a5 30. Bb5 Qc8 31.
Bf4 Qg4+ 32. Bg3 Qb4 33. Qg5 f6 34. Qe3 Kh7 35. Bxe5 fxe5 36. Qh3+ Bh6 37. Qd7+ Kh8 38. Qxd6 Qg4+ 39.
Kh1 Bxc1 40. Qxb8+ Kh7 41. Qc7+ Kh6 42. Qxc5 Bf4 43. Qf8+ Kg5 44. Qe7+ Kh6 45. Qe6 Qh4 46. h3 Qxf2 0-1

[Event "Vastgota Open 2022"]
[Site "Skara stadshotell, Jarnvagsgatan 5, Skara, Sweden"]
[Date "2022.10.30"]
[Round "8.5"]
[White "Bellon Lopez, Juan Manuel"]
[Black "Danielsson, Fredrik"]
[Result "1-0"]
[TimeControl "30 minutes + 10 seconds per move from move one."]
[WhiteTitle "GM"]
[WhiteFideId "2200031"]
[BlackFideId "1729993"]
[WhiteElo "2347"]
[BlackElo "2082"]

1. d4 Nf6 2. Bg5 Ne4 3. Bh4 g5 4. f3 gxh4 5. fxe4 c5 6. e3 Bh6 7. d5 Qb6 8. Nd2 Qxb2 9. Rb1 Qf6 10.
Rb3 d6 11. Ngf3 Nd7 12. Bb5 Rg8 13.
Qe2 h3 14. g3 Kf8 15. Bxd7 Bxd7 16. e5 Qg6 17. e6 fxe6 18. O-O Kg7 19. Rxb7 Rgd8 20. e4 Kg8 21. Nc4 Rab8 22. Rxa7 Rb4 23.
c3 Rxc4 24. Qxc4 Be3+ 25. Kh1 exd5 26. Qxd5+ Be6 27. Qd3 Bh6 28. Rxe7 d5 29. Ne5 Qg5 30. Rxe6 dxe4 31. Qxe4 Qd2 32. Ng4 Bg7 33. Re8+ 1-0

[Event "Vastgota Open 2022"]
[Site "Skara stadshotell, Jarnvagsgatan 5, Skara, Sweden"]
[Date "2022.10.30"]
[Round "8.6"]
[White "Nilsson, Patrik"]
[Black "Johansson, Ulf"]
[Result "1-0"]
[TimeControl "30 minutes + 10 seconds per move from move one."]
[WhiteFideId "1708171"]
[BlackFideId "1701380"]
[WhiteElo "2085"]
[BlackElo "2183"]

1. d4 Nf6 2. Bf4 g6 3. Nc3 Bg7 4. e4 d6 5. Qd2 c6 6. Bh6 Bxh6 7. Qxh6 Qa5 8. O-O-O Be6 9. a3 Nbd7 10.
f3 O-O-O 11. g4 Nb6 12. Nge2 Bc4 13. h4 Na4 14. Nxa4 Bxe2 15. Bxe2 Qxa4 16. Qe3 Nd7 17. e5 Nb6 18.
h5 Nd5 19. Qe4 b5 20. e6 f5 21. Qd3 fxg4 22. fxg4 g5 23. Bf3 Qc4 24. Qxc4 bxc4 25. Bxd5 cxd5 26. Rdf1 Rdf8 27. Kd2 Kd8 28. Ke3 Rf6 29. Rxf6 exf6 30.
Rf1 Ke7 31. Rf5 Kxe6 32. Kd2 Rb8 33.
Kc3 a5 34. b3 Rc8 35. Kd2 Rc6 36. Rf1 Kf7 37. Rf5 Ke6 38. Rf1 Rb6 39. Kc3 Rb8 40. Rf5 h6 41. bxc4 dxc4 42. Rxa5 Rb1 43.
Kxc4 Rg1 44. Ra8 Rxg4 45. Rh8 Rh4 46. Rxh6 g4 47. a4 Kf5 48. a5 Rh1 49. Rh8 Ra1 50. Kb5 Ke4 51. Rg8 f5 52. h6 Rb1+ 53. Kc6 Rh1 54.
Rg6 f4 55. a6 Ra1 56. h7 Kf5 57. Rg8 1-0

[Event "Vastgota Open 2022"]
[Site "Skara stadshotell, Jarnvagsgatan 5, Skara, Sweden"]
[Date "2022.10.30"]
[Round "8.7"]
[White "Wengholm, Anders"]
[Black "Bengtsson, Siv"]
[Result "0-1"]
[TimeControl "30 minutes + 10 seconds per move from move one."]
[WhiteFideId "1704818"]
[BlackFideId "1701673"]
[WhiteElo "2179"]
[BlackElo "1952"]

1. Nf3 Nf6 2. c4 e6 3. g3 c5 4. Bg2 Nc6 5. O-O d5 6. cxd5 Nxd5 7. d4 Be7 8. Nc3 O-O 9. e4 Nxc3 10.
bxc3 Qa5 11. d5 exd5 12. exd5 Rd8 13. Bd2 Nb8 14. c4 Qc7 15. Qc2 Bf6 16. Bf4 Qd7 17. Ng5 Bxg5 18. Bxg5 Re8 19. Rfe1 f6 20. Bf4 Na6 21.
Be4 h6 22. Bh7+ Kh8 23. Qg6 Rf8 24. Bxh6 gxh6 25. Qxh6 Qg7 26. Qd2 Qxh7 27. d6 Bd7 0-1

[Event "Vastgota Open 2022"]
[Site "Skara stadshotell, Jarnvagsgatan 5, Skara, Sweden"]
[Date "2022.10.30"]
[Round "8.8"]
[White "Johnson, Daniel"]
[Black "Eriksson, Magnus"]
[Result "1-0"]
[TimeControl "30 minutes + 10 seconds per move from move one."]
[WhiteFideId "1721283"]
[BlackFideId "1709941"]
[WhiteElo "2155"]
[BlackElo "1766"]

1. d4 Nf6 2. c4 e6 3. Nc3 Bb4 4. Qc2 d5 5. cxd5 exd5 6. Bg5 O-O 7. e3 h6 8. Bh4 c6 9. Bd3 Nbd7 10.
Nge2 Be7 11. O-O b6 12. f3 Bb7 13. Bf2 Rc8 14. Rad1 c5 15. Qd2 cxd4 16. exd4 Bd6 17. Bg3 Nb8 18.
Bf5 Rc6 19. Rfe1 Bxg3 20. Nxg3 Re8 21. Rxe8+ Nxe8 22. Re1 Nf6 23. Nce2 Rc7 24. Nf4 Re7 25. Rxe7 Qxe7 26. Bc2 Bc8 27.
Qc3 Qd8 28. Nd3 Be6 29. Ne5 Qc8 30. Qd3 Nc6 31. Nxc6 Qxc6 32. b3 g6 33. h4 Qc7 34. Kf2 Qf4 35. Ne2 Ng4+ 36. Ke1 Qh2 37. fxg4 Qxh4+ 38. Qg3 Qg5 39.
Qb8+ Kh7 40. Qf4 Qh4+ 41. Kd2 Qxg4 42. Qxg4 Bxg4 43. Nf4 h5 44. Nxd5 Kg7 45. Bd1 Bd7 46. Ke3 f6 47. Nc3 h4 48.
d5 g5 49. Be2 f5 50. Bb5 f4+ 51. Kf3 h3 52. gxh3 Bxh3 53. Ne4 Kh6 54. Be8 Bf1 1-0

[Event "Vastgota Open 2022"]
[Site "Skara stadshotell, Jarnvagsgatan 5, Skara, Sweden"]
[Date "2022.10.30"]
[Round "8.9"]
[White "Bjorklund, Thomas"]
[Black "Ryefalk, Lucas"]
[Result "1-0"]
[TimeControl "30 minutes + 10 seconds per move from move one."]
[WhiteFideId "1724576"]
[BlackFideId "1769243"]
[WhiteElo "2122"]
[BlackElo "1545"]

1. e4 e5 2. Nf3 Nc6 3. Bc4 Nf6 4. d3 Bc5 5. O-O a6 6. a3 Ba7 7. Qe2 d6 8. Be3 Bxe3 9. fxe3 O-O 10.
Nc3 h6 11. h3 Re8 12. Qf2 Be6 13. Nd5 Nh7 14. Nh4 Na5 15. Ba2 Ng5 16. b4 Nc6 17. Nf5 Rf8 18. h4 Nh7 19. Qg3 Bxf5 20.
Rxf5 Ne7 21. Rf3 Nxd5 22. Bxd5 c6 23. Bb3 Qe7 24. Raf1 Rad8 25. Rxf7 Rxf7 26. Rxf7 Qxf7 27. Bxf7+ Kxf7 28.
d4 exd4 29. exd4 Nf6 30. h5 Re8 31. e5 dxe5 32. dxe5 Nxh5 33. Qf3+ Kg6 34. Qg4+ 1-0

[Event "Vastgota Open 2022"]
[Site "Skara stadshotell, Jarnvagsgatan 5, Skara, Sweden"]
[Date "2022.10.30"]
[Round "8.10"]
[White "Ronneland, Daniel"]
[Black "Bengtsson, Jessica"]
[Result "1-0"]
[TimeControl "30 minutes + 10 seconds per move from move one."]
[BlackTitle "WFM"]
[WhiteFideId "1702130"]
[BlackFideId "1711083"]
[WhiteElo "2206"]
[BlackElo "2003"]

1. e4 e5 2. Nf3 Nc6 3. Bb5 Nf6 4. d3 Bc5 5. O-O d6 6. c3 O-O 7. h3 Qe7 8. Re1 Nd8 9. Nbd2 c6 10.
Ba4 h6 11. Nf1 Bb6 12. Ng3 Nh7 13. d4 Ng5 14. Nf5 Nxf3+ 15. Qxf3 Bxf5 16. exf5 f6 17. Bb3+ Kh8 18. g4 Nf7 19.
h4 d5 20. Qg3 Bc7 21. f4 e4 22. Kg2 b5 23. Be3 Nd6 24. Rh1 a5 25. a3 Nc4 26. Bxc4 bxc4 27. Rag1 Rab8 28. Bc1 c5 29.
g5 cxd4 30. cxd4 Rb3 31. Qg4 e3 32. Kf1 Qe4 33. gxh6 Qd3+ 34. Ke1 g5 35. fxg6 Rg8 36. h7 Re8 37. g7+ Kxh7 38. Qh5+ 1-0

[Event "Vastgota Open 2022"]
[Site "Skara stadshotell, Jarnvagsgatan 5, Skara, Sweden"]
[Date "2022.10.30"]
[Round "9.1"]
[White "Aroven, Mikael"]
[Black "Blomqvist, Erik"]
[Result "0-1"]
[TimeControl "30 minutes + 10 seconds per move from move one."]
[BlackTitle "GM"]
[WhiteFideId "1709534"]
[BlackFideId "1709437"]
[WhiteElo "2089"]
[BlackElo "2490"]

1. c4 e5 2. Nc3 Nf6 3. Nf3 e4 4. Nd4 Nc6 5. Nxc6 dxc6 6. e3 Bf5 7. Qc2 Qd7 8. b3 h5 9. h3 h4 10.
Bb2 O-O-O 11. O-O-O Rh5 12. Ne2 Rg5 13. Be5 Ba3+ 14. Kb1 Qe7 15. Bf4 Rh5 16. g4 Nxg4 17. hxg4 Bxg4 18. Bh3 Bxh3 19.
Rxh3 g5 20. Bg3 Rhh8 21. Qc3 Rhe8 22. Rhh1 hxg3 23. Nxg3 Rd3 24. Qa5 Kb8 25. Qf5 b5 26. cxb5 Rd5 27. Qh7 Qf6 28. d4 exd3 29.
Rd2 Qc3 30. Rhd1 Rc5 31. Qh1 cxb5 32. Qf1 Qc2+ 0-1

[Event "Vastgota Open 2022"]
[Site "Skara stadshotell, Jarnvagsgatan 5, Skara, Sweden"]
[Date "2022.10.30"]
[Round "9.2"]
[White "Golubka, Petro"]
[Black "Bellon Lopez, Juan Manuel"]
[Result "1-0"]
[TimeControl "30 minutes + 10 seconds per move from move one."]
[WhiteTitle "GM"]
[BlackTitle "GM"]
[WhiteFideId "14114224"]
[BlackFideId "2200031"]
[WhiteElo "2335"]
[BlackElo "2347"]

1. e4 c5 2. b3 b6 3. Bb2 Bb7 4. Nc3 g6 5. Nb5 f6 6. d4 a6 7. Nc3 cxd4 8. Qxd4 Nc6 9. Qd2 Rc8 10. f4 e6 11. Nf3 Qc7 12.
a3 b5 13. Be2 Nh6 14. h3 Nf7 15. O-O Bc5+ 16. Kh1 O-O 17. Rad1 Rfd8 18. Bd3 Nd4 19. Nxd4 Bxd4 20. Nxb5 axb5 21.
Bxd4 e5 22. fxe5 fxe5 23. Bg1 d5 24. Bxb5 dxe4 25. Qb4 Nd6 26. Bc4+ Nxc4 27. Rxd8+ Rxd8 28. bxc4 Ba6 29. Rf6 Rb8 30. Bb6 Qd7 31. Qc5 Re8 32.
Qd5+ Qxd5 33. cxd5 Kg7 34. Rc6 Bb5 35. Rc7+ Kf6 36. c4 Ba4 37. Be3 Rb8 38. Ra7 Be8 39. Ra6+ Kf7 40. Bg5 Rc8 41.
Ra7+ Kg8 42. d6 e3 43. Bxe3 Rd8 44. c5 Rd7 45. Ra8 Kf7 46. Kh2 Rb7 47. Rxe8 Kxe8 48. c6 Rb8 49. Bg5 1-0

[Event "Vastgota Open 2022"]
[Site "Skara stadshotell, Jarnvagsgatan 5, Skara, Sweden"]
[Date "2022.10.30"]
[Round "9.3"]
[White "Johnson, Daniel"]
[Black "Cramling, Pia"]
[Result "1/2-1/2"]
[TimeControl "30 minutes + 10 seconds per move from move one."]
[BlackTitle "GM"]
[WhiteFideId "1721283"]
[BlackFideId "1700030"]
[WhiteElo "2155"]
[BlackElo "2421"]

1. d4 Nf6 2. c4 e6 3. Nc3 Bb4 4. Qc2 O-O 5. Nf3 d6 6. g3 b6 7. Bg2 Bb7 8. O-O Nbd7 9. a3 Bxc3 10.
Qxc3 Be4 11. Re1 c5 12. b4 Rc8 13. Bb2 d5 14. dxc5 bxc5 15. cxd5 cxb4 16. Qxb4 Bxd5 17. Rac1 Rb8 18.
Qd4 Qb6 19. Qxb6 Nxb6 20. Bd4 Rbc8 21. Ne5 Bxg2 22. Kxg2 Rfe8 23. Rxc8 Rxc8 24. Rb1 Nfd5 25. Bxb6 Nxb6 26. a4 Nxa4 27.
Nc6 Kf8 28. Nxa7 Rc2 29. e3 Nb2 30. Nc6 Rxc6 1/2-1/2

[Event "Vastgota Open 2022"]
[Site "Skara stadshotell, Jarnvagsgatan 5, Skara, Sweden"]
[Date "2022.10.30"]
[Round "9.5"]
[White "Madebrink, Lars"]
[Black "Nilsson, Patrik"]
[Result "1-0"]
[TimeControl "30 minutes + 10 seconds per move from move one."]
[WhiteFideId "1701347"]
[BlackFideId "1708171"]
[WhiteElo "2094"]
[BlackElo "2085"]

1. d4 f5 2. Nf3 Nf6 3. g3 g6 4. Bg2 Bg7 5. b3 O-O 6. Bb2 d6 7. O-O Ne4 8. Nbd2 Nc6 9. e3 e5 10.
dxe5 Nxd2 11. Qxd2 dxe5 12. Qe2 Qe7 13. Rad1 e4 14. Nd4 Ne5 15. Ba1 a6 16. c4 c5 17. Nc2 Be6 18. Rd2 Rfd8 19.
Rfd1 Kf7 20. Ne1 Ke8 21. Bxe5 Bxe5 22. f3 exf3 23. Qxf3 Bc3 24. Rxd8+ Rxd8 25. Nc2 b5 26. Qc6+ Kf7 27.
Rxd8 Qxd8 28. Bd5 Qe7 29. cxb5 axb5 30. Bxe6+ Qxe6 31. Qxc5 b4 32. Kf2 Qe4 33. Qc4+ Qxc4 34. bxc4 g5 35.
Ke2 h5 36. Kd3 Be5 37. Nxb4 g4 38. Nd5 h4 39. Nf4 h3 40. c5 Bb2 41. a4 Ke7 42. Kc4 Kd7 43. Kd5 Bc1 44. c6+ Kc8 45.
Ke6 Bxe3 46. Kxf5 Bg1 47. Kxg4 Bxh2 48. Kxh3 Bxg3 49. Kxg3 Kc7 50. Nd5+ Kxc6 51. Nc3 Kd5 1-0

[Event "Vastgota Open 2022"]
[Site "Skara stadshotell, Jarnvagsgatan 5, Skara, Sweden"]
[Date "2022.10.30"]
[Round "9.6"]
[White "Bengtsson, Siv"]
[Black "Thyberg, Andre"]
[Result "0-1"]
[TimeControl "30 minutes + 10 seconds per move from move one."]
[WhiteFideId "1701673"]
[BlackFideId "1764764"]
[WhiteElo "1952"]
[BlackElo "1632"]

1. e4 e5 2. Nf3 Nf6 3. d4 Nxe4 4.
Nxe5 d5 5. Bd3 Nd7 6. Nxd7 Bxd7 7. O-O Bd6 8. c4 c6 9. Nc3 Nxc3 10. bxc3 O-O 11. cxd5 Qh4 12. g3 Qh3 13. Rb1 Rfe8 14.
Be2 Re4 15. f4 c5 16. Bf3 Re7 17. Rxb7 Rae8 18. Bd2 cxd4 19. cxd4 h5 20. Bg2 Qf5 21. Re1 Qd3 22. Rxe7 Rxe7 23.
Qc1 Qxd4+ 24. Kh1 Bc5 25.
Bc3 Qf2 26. Rb2 Re2 27. Rxe2 Qxe2 28. Qe1 Qxa2 29. h3 Bf2 30. Qe5 Qb1+ 31. Be1 Qxe1+ 32. Qxe1 Bxe1 0-1

[Event "Vastgota Open 2022"]
[Site "Skara stadshotell, Jarnvagsgatan 5, Skara, Sweden"]
[Date "2022.10.30"]
[Round "9.7"]
[White "Ronneland, Daniel"]
[Black "Johansson, Stefan"]
[Result "1-0"]
[TimeControl "30 minutes + 10 seconds per move from move one."]
[WhiteFideId "1702130"]
[BlackFideId "1733745"]
[WhiteElo "2206"]
[BlackElo "1946"]

1. e4 d5 2. exd5 Qxd5 3. Nc3 Qd6 4. d4 Nf6 5. Bg5 a6 6. g3 Nc6 7. Nf3 Bg4 8. Bg2 Bxf3 9. Qxf3 h6 10.
Bxf6 gxf6 11. O-O-O O-O-O 12. Na4 Qb4 13. Nc5 Rxd4 14. Rxd4 Qxd4 15. Nxb7 Ne5 16. Qe2 Qb6 17. Rd1 Bg7 18.
Qd2 c6 19. Na5 f5 20. f4 h5 21. b3 Qc5 22. Kb1 Bh6 23. Nxc6 Nxc6 24. Qd7+ Kb8 25. Bxc6 Qb6 26. Bf3 Rc8 27. Qxf5 Bg7 28. Qd5 Qa7 29.
Qd7 Qxd7 30. Rxd7 h4 31.
Rb7+ 1-0

[Event "Vastgota Open 2022"]
[Site "Skara stadshotell, Jarnvagsgatan 5, Skara, Sweden"]
[Date "2022.10.30"]
[Round "9.8"]
[White "Blauhut, Holger"]
[Black "Kleimark, Anders"]
[Result "1-0"]
[TimeControl "30 minutes + 10 seconds per move from move one."]
[WhiteTitle "CM"]
[WhiteFideId "24665177"]
[BlackFideId "1709968"]
[WhiteElo "2037"]
[BlackElo "2048"]

1. e4 c5 2. Nf3 d6 3. Bb5+ Nd7 4. d4 Ngf6 5. Nc3 cxd4 6. Qxd4 a6 7. Be2 g6 8. O-O Bg7 9. Rd1 O-O 10.
e5 dxe5 11. Nxe5 Qa5 12. Nc4 Qd8 13. Bf3 Rb8 14. Qh4 b5 15. Bf4 bxc4 16. Bxb8 Qb6 17. Bg3 Qxb2 18. Qxc4 Nb6 19. Qb3 Qxb3 20.
cxb3 Ng4 21. Rac1 Bh6 22. Rc2 Bf5 23. Re2 Rc8 24. Ne4 a5 25. h3 Bxe4 26. Rxe4 Nf6 27. Rxe7 Bf8 28. Rc7 Re8 29.
Rc6 Nbd7 30. Bd6 Bg7 31. Bc7 a4 32. bxa4 h5 33. a5 Ne5 34. Bxe5 Rxe5 35. a6 Ra5 36. Rdd6 Nh7 37. Bd5 Ng5 38.
h4 Nh7 39. Bc4 Bf8 40. Rd7 Ra4 41. Bxf7+ Kh8 42. Bxg6 Bg7 43. Bxh7 Kxh7 44. Rcc7 Rxa2 45. Rxg7+ Kh8 46. Rge7 1-0

[Event "Vastgota Open 2022"]
[Site "Skara stadshotell, Jarnvagsgatan 5, Skara, Sweden"]
[Date "2022.10.30"]
[Round "9.9"]
[White "Johansson, Ulf"]
[Black "Gustavsson, Ingemar"]
[Result "0-1"]
[TimeControl "30 minutes + 10 seconds per move from move one."]
[WhiteFideId "1701380"]
[BlackFideId "1723340"]
[WhiteElo "2183"]
[BlackElo "1903"]

1. Nf3 Nf6 2. g3 b6 3. Bg2 Bb7 4. b3 d6 5. Bb2 e5 6. d3 Be7 7. Nbd2 O-O 8. O-O Nbd7 9. a4 a5 10.
e4 Nc5 11. Nh4 g6 12. f4 exf4 13. gxf4 Nfxe4 14. Nxg6 hxg6 15. dxe4 Bf6 16. Qc1 Re8 17. Re1 Bxb2 18. Qxb2 Qh4 19.
Re3 Qxf4 20. Rh3 Qe5 21. Qxe5 Rxe5 22. Rh4 Rae8 23. Nc4 R5e6 24. e5 Bxg2 25. Kxg2 d5 26. Ne3 Rxe5 27. Ng4 Re2+ 28.
Kf3 Kg7 29. Rc1 f5 30. Nf2 R8e3+ 31. Kg2 Ne4 32. Rf4 Kf6 33. h4 g5 0-1

[Event "Vastgota Open 2022"]
[Site "Skara stadshotell, Jarnvagsgatan 5, Skara, Sweden"]
[Date "2022.10.30"]
[Round "9.10"]
[White "Magnussen, Pal"]
[Black "Wengholm, Anders"]
[Result "1-0"]
[TimeControl "30 minutes + 10 seconds per move from move one."]
[WhiteFideId "1711814"]
[BlackFideId "1704818"]
[WhiteElo "1861"]
[BlackElo "2179"]

1. e4 c5 2. Nf3 e6 3. d3 Nc6 4.
g3 d6 5.
Bg2 Nf6 6. O-O Be7 7. Re1 O-O 8. c3 Bd7 9. d4 cxd4 10. cxd4 d5 11. e5 Ne4 12. Nbd2 Nxd2 13. Bxd2 Qb6 14. Bc3 Rac8 15. Qd2 Qd8 16.
Bf1 a6 17. b4 Na7 18. a4 Qe8 19. a5 Bb5 20. Bg2 Qd7 21. h4 Rc4 22. Bf1 Rc7 23. Bh3 Rfc8 24. Rec1 Rc4 25. Bf1 R4c6 26.
Bh3 R8c7 27. Bb2 Qc8 28. Rc5 Qe8 29. Kg2 Rc8 30. Rxc6 Rxc6 31. Rc1 Rxc1 32. Bxc1 Qc6 33. Ba3 Qc4 34.
Kh2 Nc6 35. Qf4 1-0